| TOP OF THE 1ST |
|
Iowa Oaks batting - Pitching for Evansville Triplets : RHP Bill Gullickson
|
|
Pitching: RHP Bill Gullickson
|
|
|
Batting: LHB Gary Jones
|
0-0: Called Strike 0-1: Foul Ball, location: 2F 0-2: Strikes out swinging
|
|
Batting: RHB Edgar Flores
|
0-0: SINGLE (Groundball, 25, EV 70.6 MPH) (infield hit)
|
|
Batting: LHB Ronald Little
|
0-0: Ball 1-0: Called Strike Edgar Flores steals 2nd base 1-1: Called Strike 1-2: DOUBLE (Line Drive, 78XD, EV 105.0 MPH) Edgar Flores scores
|
|
Batting: RHB Mark Benson
|
0-0: Ground out 4-3 (Groundball, 4MS, EV 83.8 MPH) Ronald Little to third
|
|
Batting: SHB Rod Craig
|
0-0: Ball 1-0: Ball 2-0: Foul Ball, location: 2F 2-1: Foul Ball, location: 2F 2-2: Strikes out swinging
|
| Top of the 1st over - 1 run, 2 hits, 0 errors, 1 left on base; Iowa 1 - Evansville 0 |
| BOTTOM OF THE 1ST |
|
Evansville Triplets batting - Pitching for Iowa Oaks : RHP Dwight Gooden
|
|
Pitching: RHP Dwight Gooden
|
|
|
Batting: LHB Greg Gross
|
0-0: Ball 1-0: Ball 2-0: Ball 3-0: Called Strike 3-1: Base on Balls
|
|
Batting: RHB Cory Mihalic
|
0-0: Ball 1-0: Swinging Strike 1-1: Ball Greg Gross steals 2nd base (no throw) 2-1: Swinging Strike 2-2: DOUBLE (Line Drive, 7LM, EV 94.4 MPH) Greg Gross scores
|
|
Batting: RHB Richard Bass
|
0-0: Ball 1-0: Ball 2-0: Swinging Strike 2-1: Foul Ball, location: 2F 2-2: Ground out 1-3 (Groundball, 34S, EV 68.8 MPH) Cory Mihalic to third
|
|
Batting: RHB Ron Kittle
|
0-0: Ball 1-0: Called Strike 1-1: Ball 2-1: Ball 3-1: Called Strike 3-2: Base on Balls
|
|
Batting: LHB Luis Alfaro
|
0-0: Foul Ball, location: 2F 0-1: Ball 1-1: Grounds into double play, 1-6-3 (Groundball, 13, EV 73.8 MPH)
|
| Bottom of the 1st over - 1 run, 1 hit, 0 errors, 1 left on base; Iowa 1 - Evansville 1 |
| TOP OF THE 2ND |
|
Iowa Oaks batting - Pitching for Evansville Triplets : RHP Bill Gullickson
|
|
Batting: LHB Donald Johnson
|
0-0: Ball 1-0: Called Strike 1-1: Foul Ball, location: 2F 1-2: Strikes out swinging
|
|
Batting: RHB Jordan Arredondo
|
0-0: Ball 1-0: Ground out 1-3 (Groundball, 15, EV 69.4 MPH)
|
|
Batting: LHB Wayne Krenchicki
|
0-0: Ball 1-0: Called Strike 1-1: Fly out, F1 (Line Drive, P, EV 66.9 MPH)
|
| Top of the 2nd over - 0 runs, 0 hits, 0 errors, 0 left on base; Iowa 1 - Evansville 1 |
| BOTTOM OF THE 2ND |
|
Evansville Triplets batting - Pitching for Iowa Oaks : RHP Dwight Gooden
|
|
Batting: RHB Mike Allen
|
0-0: Foul Ball, location: 2F 0-1: Ball 1-1: Ball 2-1: SOLO HOME RUN (Line Drive, 7LD, EV 98.1 MPH), Distance : 358 ft
|
|
Batting: RHB Ed Putman
|
0-0: Called Strike 0-1: Foul Ball, location: 2F 0-2: Ball 1-2: Ball 2-2: SOLO HOME RUN (Flyball, 9D, EV 108.8 MPH), Distance : 372 ft
|
|
Batting: RHB Jaden Smith
|
0-0: Foul Ball, location: 2F 0-1: Foul Ball, location: 2F 0-2: Ball 1-2: SINGLE (Groundball, 4MD, EV 95.6 MPH)
|
|
Batting: RHB Ed Jurak
|
0-0: Foul Ball, location: 2F 0-1: Foul Ball, location: 2F 0-2: Strikes out looking
|
|
Batting: LHB Greg Gross
|
0-0: Ball 1-0: Called Strike 1-1: Ball 2-1: Swinging Strike 2-2: Ball 3-2: Foul Ball, location: 2F 3-2: Base on Balls Jaden Smith to second
|
|
Batting: RHB Cory Mihalic
|
0-0: Fielders Choice at 3rd, U5 (Groundball, 5L, EV 83.8 MPH) Greg Gross to second
|
|
Batting: RHB Richard Bass
|
0-0: Fly out, F8 (Flyball, 8LM, EV 91.9 MPH)
|
| Bottom of the 2nd over - 2 runs, 3 hits, 0 errors, 2 left on base; Iowa 1 - Evansville 3 |
| TOP OF THE 3RD |
|
Iowa Oaks batting - Pitching for Evansville Triplets : RHP Bill Gullickson
|
|
Batting: RHB Thomas Vessey
|
0-0: Ball 1-0: Called Strike 1-1: Ball 2-1: Ground out 1-3 (Groundball, 15S, EV 70.0 MPH)
|
|
Batting: LHB Gary Jones
|
0-0: Foul Ball, location: 2F 0-1: Ball 1-1: Ball 2-1: Ball 3-1: Called Strike 3-2: Ground out 4-3 (Groundball, 4, EV 103.1 MPH)
|
|
Batting: RHB Edgar Flores
|
0-0: Ball 1-0: Ground out 5-3 (Groundball, 56S, EV 87.5 MPH)
|
| Top of the 3rd over - 0 runs, 0 hits, 0 errors, 0 left on base; Iowa 1 - Evansville 3 |
| BOTTOM OF THE 3RD |
|
Evansville Triplets batting - Pitching for Iowa Oaks : RHP Dwight Gooden
|
|
Batting: RHB Ron Kittle
|
0-0: Swinging Strike 0-1: Called Strike 0-2: Foul Ball, location: 2F 0-2: Ball 1-2: Ball 2-2: Strikes out looking
|
|
Batting: LHB Luis Alfaro
|
0-0: Called Strike 0-1: SINGLE (Groundball, 34D, EV 109.4 MPH)
|
|
Batting: RHB Mike Allen
|
0-0: Grounds into double play, 5-4-3 (Groundball, 56, EV 80.0 MPH)
|
| Bottom of the 3rd over - 0 runs, 1 hit, 0 errors, 0 left on base; Iowa 1 - Evansville 3 |
| TOP OF THE 4TH |
|
Iowa Oaks batting - Pitching for Evansville Triplets : RHP Bill Gullickson
|
|
Batting: LHB Ronald Little
|
0-0: Called Strike 0-1: Ball 1-1: SOLO HOME RUN (Flyball, 7D, EV 101.3 MPH), Distance : 366 ft
|
|
Batting: RHB Mark Benson
|
0-0: Ball 1-0: Ground out 5-3 (Groundball, 56, EV 107.5 MPH)
|
|
Batting: SHB Rod Craig
|
0-0: SINGLE (Groundball, 6MS, EV 60.0 MPH) (infield hit)
|
|
Batting: LHB Donald Johnson
|
0-0: Ball 1-0: Called Strike 1-1: Ball 2-1: Called Strike Rod Craig steals 2nd base 2-2: Foul Ball, location: 2F 2-2: Foul Ball, location: 2F 2-2: Ground out 6-3 (Groundball, 6, EV 103.1 MPH)
|
|
Batting: RHB Jordan Arredondo
|
0-0: Ball 1-0: Called Strike 1-1: Fly out, F7 (Flyball, 7LS, EV 83.8 MPH)
|
| Top of the 4th over - 1 run, 2 hits, 0 errors, 1 left on base; Iowa 2 - Evansville 3 |
| BOTTOM OF THE 4TH |
|
Evansville Triplets batting - Pitching for Iowa Oaks : RHP Dwight Gooden
|
|
Batting: RHB Ed Putman
|
0-0: Ball 1-0: Foul Ball, location: 2F 1-1: Foul Ball, location: 2F 1-2: Ball 2-2: Foul Ball, location: 2F 2-2: Strikes out swinging
|
|
Batting: RHB Jaden Smith
|
0-0: Ball 1-0: Ball 2-0: Ball 3-0: Called Strike 3-1: Base on Balls
|
|
Batting: RHB Ed Jurak
|
0-0: Called Strike 0-1: Ball 1-1: Called Strike 1-2: Ball 2-2: Strikes out swinging
|
|
Batting: LHB Greg Gross
|
0-0: Called Strike 0-1: Swinging Strike 0-2: Ball 1-2: Ball 2-2: Ball 3-2: Base on Balls Jaden Smith to second
|
|
Batting: RHB Cory Mihalic
|
0-0: Ball 1-0: Ball 2-0: Swinging Strike 2-1: Ball 3-1: Fly out, F8 (Flyball, 8RS, EV 86.9 MPH)
|
| Bottom of the 4th over - 0 runs, 0 hits, 0 errors, 2 left on base; Iowa 2 - Evansville 3 |
| TOP OF THE 5TH |
|
Iowa Oaks batting - Pitching for Evansville Triplets : RHP Bill Gullickson
|
|
Batting: LHB Wayne Krenchicki
|
0-0: Called Strike 0-1: Ground out U3 (Groundball, 34S, EV 65.6 MPH)
|
|
Batting: RHB Thomas Vessey
|
0-0: Ball 1-0: Foul Ball, location: 2F 1-1: Foul Ball, location: 2F 1-2: Strikes out swinging
|
|
Batting: LHB Gary Jones
|
0-0: Ball 1-0: Ball 2-0: Ball 3-0: Called Strike 3-1: Foul Ball, location: 2F 3-2: Base on Balls
|
|
Batting: RHB Edgar Flores
|
0-0: Called Strike 0-1: Called Strike Gary Jones steals 2nd base (no throw) 0-2: Foul Ball, location: 2F 0-2: Ball 1-2: Ball 2-2: Foul Ball, location: 2F 2-2: Foul Ball, location: 2F 2-2: Fly out, F7 (Flyball, 78XD, EV 96.9 MPH)
|
| Top of the 5th over - 0 runs, 0 hits, 0 errors, 1 left on base; Iowa 2 - Evansville 3 |
| BOTTOM OF THE 5TH |
|
Evansville Triplets batting - Pitching for Iowa Oaks : RHP Dwight Gooden
|
|
Batting: RHB Richard Bass
|
0-0: Swinging Strike 0-1: Ground out U3 (Groundball, 3, EV 85.0 MPH)
|
|
Batting: RHB Ron Kittle
|
0-0: Ground out 4-3 (Groundball, 4, EV 109.4 MPH)
|
|
Batting: LHB Luis Alfaro
|
0-0: Foul Ball, location: 2F 0-1: Called Strike 0-2: SINGLE (Groundball, 6S, EV 68.8 MPH) (infield hit)
|
|
Batting: RHB Mike Allen
|
0-0: Ball 1-0: Called Strike 1-1: Ball 2-1: Ball 3-1: Ground out 4-3 (Groundball, 34, EV 82.5 MPH)
|
| Bottom of the 5th over - 0 runs, 1 hit, 0 errors, 1 left on base; Iowa 2 - Evansville 3 |
| TOP OF THE 6TH |
|
Iowa Oaks batting - Pitching for Evansville Triplets : RHP Bill Gullickson
|
|
Batting: LHB Ronald Little
|
0-0: Called Strike 0-1: Ball 1-1: Ball 2-1: Swinging Strike 2-2: TRIPLE (Flyball, 9LD, EV 88.1 MPH)
|
|
Batting: RHB Mark Benson
|
0-0: Ball 1-0: Swinging Strike 1-1: SINGLE (Groundball, 56D, EV 104.4 MPH) Ronald Little scores
|
|
Batting: SHB Rod Craig
|
0-0: Ball 1-0: Foul Ball, location: 2F 1-1: Ball 2-1: SINGLE (Groundball, P, EV 90.6 MPH) (infield hit) Mark Benson to second
|
|
Batting: LHB Donald Johnson
|
0-0: Ball 1-0: Called Strike 1-1: Fielders Choice at 2nd, 3-6 (Groundball, 34, EV 85.0 MPH) Mark Benson to third
|
|
Batting: RHB Jordan Arredondo
|
0-0: DOUBLE (Groundball, 5L, EV 98.1 MPH) Mark Benson scores Donald Johnson to third
|
|
Batting: LHB Wayne Krenchicki
|
0-0: Intentional Walk
|
|
Batting: RHB Thomas Vessey
|
0-0: Called Strike 0-1: Foul Ball, location: 2F 0-2: Foul Ball, location: 2F 0-2: Ball 1-2: Ball 2-2: Grounds into fielders choice 5-2 (Groundball, 56S, EV 84.4 MPH) Jordan Arredondo to third Wayne Krenchicki to second
|
|
Batting: LHB Gary Jones
|
0-0: Foul Ball, location: 2F 0-1: Ground out 4-3 (Groundball, 4, EV 107.5 MPH)
|
| Top of the 6th over - 2 runs, 4 hits, 0 errors, 3 left on base; Iowa 4 - Evansville 3 |
| BOTTOM OF THE 6TH |
|
Evansville Triplets batting - Pitching for Iowa Oaks : RHP Dwight Gooden
|
|
Batting: RHB Ed Putman
|
0-0: Foul Ball, location: 2F 0-1: Ball 1-1: SINGLE (Groundball, 4MS, EV 62.5 MPH) (infield hit)
|
|
Batting: RHB Jaden Smith
|
0-0: Ball 1-0: Ball Wild Pitch! Ed Putman to second 2-0: Ball 3-0: Base on Balls
|
|
Batting: RHB Ed Jurak
|
0-0: Ball 1-0: Ball 2-0: Ball 3-0: Base on Balls Ed Putman to third Jaden Smith to second
|
|
Batting: LHB Greg Gross
|
0-0: Called Strike 0-1: Ball 1-1: Ball 2-1: Foul Ball, location: 2F 2-2: Ball 3-2: Fly out, F1 (Line Drive, P, EV 75.0 MPH)
|
|
Batting: RHB Cory Mihalic
|
0-0: Fly out, F4 (Popup, 4, EV 52.5 MPH)
|
|
Batting: RHB Richard Bass
|
0-0: Swinging Strike 0-1: Foul Ball, location: 2F 0-2: Strikes out swinging
|
| Bottom of the 6th over - 0 runs, 1 hit, 0 errors, 3 left on base; Iowa 4 - Evansville 3 |
| TOP OF THE 7TH |
|
Iowa Oaks batting - Pitching for Evansville Triplets : RHP Bill Gullickson
|
|
Batting: RHB Edgar Flores
|
0-0: Ball 1-0: Ball 2-0: Ground out 6-3 (Groundball, 6, EV 83.8 MPH)
|
|
Batting: LHB Ronald Little
|
0-0: Ball 1-0: SINGLE (Line Drive, 8LS, EV 98.1 MPH)
|
|
Pitching: RHP Geoff Combe
|
|
|
Batting: RHB Mark Benson
|
0-0: Called Strike 0-1: Swinging Strike 0-2: Ball 1-2: Fielders Choice at 2nd, 6-4 (Groundball, 6, EV 88.8 MPH)
|
|
Batting: SHB Rod Craig
|
0-0: Called Strike 0-1: Ball 1-1: Foul Ball, location: 2F 1-2: Foul Ball, location: 2F 1-2: Strikes out looking
|
| Top of the 7th over - 0 runs, 1 hit, 0 errors, 1 left on base; Iowa 4 - Evansville 3 |
| BOTTOM OF THE 7TH |
|
Evansville Triplets batting - Pitching for Iowa Oaks : RHP Dwight Gooden
|
|
Batting: RHB Ron Kittle
|
0-0: Ball 1-0: Called Strike 1-1: Called Strike 1-2: Ball 2-2: Ball 3-2: Foul Ball, location: 2F 3-2: Fly out, F8 (Flyball, 8LS, EV 83.1 MPH)
|
|
Batting: LHB Luis Alfaro
|
0-0: Ball 1-0: Ball 2-0: Ball 3-0: Called Strike 3-1: Base on Balls
|
|
Pinch Hitting: RHB Mark M Corey
|
0-0: Fielders Choice at 2nd, 6-4 (Groundball, 56, EV 91.9 MPH)
|
|
Batting: RHB Ed Putman
|
0-0: Ball 1-0: Called Strike 1-1: Ball 2-1: Ball 3-1: Base on Balls Mark M Corey to second
|
|
Batting: RHB Jaden Smith
|
0-0: Ball 1-0: Ball 2-0: Ball Wild Pitch! Mark M Corey to third Ed Putman to second 3-0: Base on Balls
|
|
Batting: RHB Ed Jurak
|
0-0: Called Strike 0-1: Fielders Choice at 2nd, 5-4 (Groundball, 56, EV 81.9 MPH)
|
| Bottom of the 7th over - 0 runs, 0 hits, 0 errors, 3 left on base; Iowa 4 - Evansville 3 |
| TOP OF THE 8TH |
|
Iowa Oaks batting - Pitching for Evansville Triplets : RHP Geoff Combe
|
|
Now in LF: Mark M Corey
|
|
|
Batting: LHB Donald Johnson
|
0-0: Ball 1-0: Ground out 4-3 (Groundball, 4, EV 87.5 MPH)
|
|
Batting: RHB Jordan Arredondo
|
0-0: Ball 1-0: Called Strike 1-1: SINGLE (Groundball, 56S, EV 94.4 MPH)
|
|
Batting: LHB Wayne Krenchicki
|
0-0: Called Strike 0-1: SINGLE (Groundball, 6D, EV 111.3 MPH) Jordan Arredondo to second
|
|
Batting: RHB Thomas Vessey
|
0-0: Foul Ball, location: 2F 0-1: Ball 1-1: Ball 2-1: Ball 3-1: Swinging Strike 3-2: Grounds into double play, 6-4-3 (Groundball, 6, EV 88.8 MPH)
|
| Top of the 8th over - 0 runs, 2 hits, 0 errors, 1 left on base; Iowa 4 - Evansville 3 |
| BOTTOM OF THE 8TH |
|
Evansville Triplets batting - Pitching for Iowa Oaks : RHP Dwight Gooden
|
|
Batting: LHB Greg Gross
|
0-0: Ball 1-0: Called Strike 1-1: SINGLE (Groundball, 6S, EV 68.8 MPH) (infield hit)
|
|
Batting: RHB Cory Mihalic
|
0-0: Sac Bunt to 2R - play at first, batter OUT! 2-3 Greg Gross to second
|
|
Pinch Hitting: SHB Mickey Tettleton
|
0-0: Called Strike 0-1: Ball 1-1: Ball 2-1: Ball 3-1: Foul Ball, location: 2F 3-2: Foul Ball, location: 2F 3-2: Base on Balls
|
|
Batting: RHB Ron Kittle
|
0-0: Swinging Strike 0-1: Ball 1-1: Foul Ball, location: 2F 1-2: DOUBLE (Flyball, 8LXD, EV 100.0 MPH) Greg Gross scores Mickey Tettleton to third Runner from 3rd tries for Home, SAFE, no throw by CF
|
|
Pitching: RHP Sergio Peralta
|
|
|
Batting: LHB Luis Alfaro
|
0-0: Fly out, F5 (Line Drive, 5, EV 68.1 MPH)
|
|
Batting: RHB Mark M Corey
|
0-0: Called Strike 0-1: Ball 1-1: Ball 2-1: Ball 3-1: Base on Balls
|
|
Batting: RHB Ed Putman
|
0-0: Ball 1-0: Ball 2-0: Called Strike 2-1: Ball 3-1: Fly out, F9 (Flyball, 9, EV 91.9 MPH)
|
| Bottom of the 8th over - 2 runs, 2 hits, 0 errors, 2 left on base; Iowa 4 - Evansville 5 |
| TOP OF THE 9TH |
|
Iowa Oaks batting - Pitching for Evansville Triplets : RHP Geoff Combe
|
|
Now at 2B: Bobby Thompson
|
|
|
Batting: LHB Gary Jones
|
0-0: Called Strike 0-1: Swinging Strike 0-2: Strikes out swinging
|
|
Batting: RHB Edgar Flores
|
0-0: Called Strike 0-1: Foul Ball, location: 2F 0-2: Ball 1-2: Ball 2-2: SINGLE (Line Drive, 8LM, EV 104.4 MPH)
|
|
Pitching: LHP Paul Mirabella
|
|
|
Batting: LHB Ronald Little
|
0-0: Ball 1-0: Ball 2-0: Swinging Strike 2-1: Fly out, F9 (Flyball, 89S, EV 76.3 MPH)
|
|
Batting: RHB Mark Benson
|
0-0: Ball 1-0: Foul Ball, location: 2F 1-1: Ball 2-1: Ground out 6-3 (Groundball, 6S, EV 83.1 MPH)
|
| Top of the 9th over - 0 runs, 1 hit, 0 errors, 1 left on base; Iowa 4 - Evansville 5 |
|